[ AOE2 MATCH · #471358181 ]
UnrankedTeutons vs Celts
[ REPLAY ANALYSIS · EXTRACTED FROM THE RECORDED GAME ]
Feudal
11:51
Castle
17:26
Imperial
—
| APM avg | 28.3 |
| APM peak | 59 |
| eAPM avg | 11.7 |
| Villagers / military | 74 / 100 |
Focus
⚔️ 22.9% · 🌾 77.1%
Knight ×85 · Battering Ram ×8 · Scout Cavalry ×4 · Monk ×3
Feudal
12:28
Castle
17:13
Imperial
—
| APM avg | 32.9 |
| APM peak | 80 |
| eAPM avg | 15.9 |
| Villagers / military | 43 / 11 |
Focus
⚔️ 24.0% · 🌾 76.0%
Unknown (1944) ×28 · Scout Cavalry ×5 · Monk ×3 · Mangonel ×3
Feudal
14:30
Castle
18:04
Imperial
—
| APM avg | 41.8 |
| APM peak | 78 |
| eAPM avg | 28.7 |
| Villagers / military | 109 / 60 |
Focus
⚔️ 50.3% · 🌾 49.7%
Monk ×26 · Mangonel ×19 · Spearman ×9 · Battering Ram ×6
Feudal
—
Castle
—
Imperial
—
| APM avg | 3.9 |
| APM peak | 30 |
| eAPM avg | 2.7 |
| Villagers / military | 27 / 0 |
Focus
⚔️ 24.4% · 🌾 75.6%
Feudal
10:51
Castle
14:40
Imperial
—
| APM avg | 42.9 |
| APM peak | 90 |
| eAPM avg | 21.6 |
| Villagers / military | 130 / 152 |
Focus
⚔️ 32.5% · 🌾 67.5%
Knight ×150 · Mangonel ×1 · Scout Cavalry ×1
Feudal
12:06
Castle
—
Imperial
—
| APM avg | 16.0 |
| APM peak | 32 |
| eAPM avg | 12.6 |
| Villagers / military | 67 / 0 |
Focus
⚔️ 43.9% · 🌾 56.1%
Feudal
9:12
Castle
20:53
Imperial
35:43
| APM avg | 79.3 |
| APM peak | 143 |
| eAPM avg | 27.1 |
| Villagers / military | 73 / 137 |
Focus
⚔️ 51.7% · 🌾 48.3%
Archer ×137
Feudal
10:08
Castle
14:44
Imperial
32:52
| APM avg | 23.2 |
| APM peak | 44 |
| eAPM avg | 15.8 |
| Villagers / military | 126 / 50 |
Focus
⚔️ 20.1% · 🌾 79.9%
Battle Elephant ×48 · Mangonel ×2
Match map
Initial resources + every placement click. Lines = walls · curves = elevation contours. ◆ gold · ⬟ stone · ● berries · ✦ relic · ◌ wall gap
Your base· ✓ Closed at 17:26 · 0t walls · fragile
Steller's base· ✓ Closed at 17:13 · 38t walls · fragile
Bizzy's base· ✓ Closed at 18:04 · 11t walls · fragile
miki_bb's base· ✓ Closed at 12:00 · 0t walls · 1 gate(s) · fragile
AutoCAD's base· ✓ Closed at 14:40 · 11t walls · fragile
Pyves's base· ✓ Closed at 12:00 · 45t walls · fragile
[OLAM]_Meliod27's base· Open — unwalled flank
Pollazo's base· ✓ Closed at 14:44 · 0t walls · fragile
Smoothed initial terrain · ◌ = detected wall gap · hover for details
Inputs per minute
— K-1000 - - Steller
Build order — K-1000
First 150 of 216 actions detected
| 0:04 | Create | Villager (Male) ×4 |
| 0:06 | Build | House |
| 0:07 | Build | House |
| 1:32 | Create | Villager (Male) |
| 2:08 | Create | Villager (Male) |
| 2:21 | Create | Villager (Male) |
| 2:21 | Create | Villager (Male) |
| 3:02 | Create | Villager (Male) |
| 3:19 | Create | Villager (Male) |
| 3:31 | Build | House |
| 3:34 | Build | House |
| 3:53 | Create | Villager (Male) |
| 4:18 | Create | Villager (Male) |
| 4:52 | Create | Villager (Male) |
| 4:52 | Create | Villager (Male) |
| 4:52 | Create | Villager (Male) |
| 5:26 | Create | Villager (Male) |
| 5:45 | Build | Mill |
| 6:09 | Create | Villager (Male) |
| 6:27 | Build | Lumber Camp |
| 7:01 | Create | Villager (Male) |
| 7:01 | Create | Villager (Male) |
| 7:42 | Build | House |
| 7:43 | Build | House |
| 7:47 | Create | Villager (Male) |
| 8:16 | Build | Mill |
| 8:19 | Create | Villager (Male) |
| 8:34 | Build | Lumber Camp |
| 8:49 | Create | Villager (Male) |
| 9:16 | Create | Villager (Male) |
| 9:36 | Research | Feudal Age |
| 9:48 | Build | Farm |
| 9:49 | Build | Farm |
| 9:49 | Build | Farm |
| 9:49 | Build | Farm |
| 9:50 | Build | Farm |
| 9:50 | Build | Farm |
| 9:50 | Build | Farm |
| 9:50 | Build | Farm |
| 9:51 | Build | Farm |
| 9:51 | Build | Farm |
| 10:11 | Build | Farm |
| 10:35 | Build | Farm |
| 10:48 | Create | Villager (Male) ×4 |
| 11:12 | Create | Villager (Male) |
| 11:51 | Age | Feudal Age |
| 11:55 | Research | Double-Bit Axe |
| 12:18 | Build | Mining Camp |
| 12:57 | Build | Market |
| 13:32 | Create | Villager (Male) |
| 13:37 | Build | Blacksmith |
| 14:13 | Create | Villager (Male) |
| 14:31 | Build | Barracks |
| 14:39 | Research | Castle Age |
| 15:18 | Build | House |
| 15:28 | Build | House |
| 15:32 | Build | Stable |
| 15:50 | Research | Horse Collar |
| 16:00 | Build | Farm |
| 16:01 | Build | Farm |
| 16:01 | Build | Farm |
| 16:01 | Build | Farm |
| 16:01 | Build | Farm |
| 16:10 | Build | Farm |
| 16:11 | Build | Farm |
| 16:11 | Build | Farm |
| 16:27 | Research | Loom |
| 16:28 | Research | Town Watch |
| 16:29 | Create | Villager (Male) ×4 |
| 16:59 | Create | Villager (Male) |
| 17:26 | Age | Castle Age |
| 17:29 | Build | Stable |
| 17:36 | Create | Knight |
| 17:57 | Build | Siege Workshop |
| 17:59 | Create | Knight |
| 18:07 | Research | Forging |
| 18:09 | Create | Knight |
| 18:13 | Create | Knight |
| 18:29 | Create | Knight |
| 18:47 | Build | Monastery |
| 18:54 | Create | Villager (Male) |
| 19:11 | Create | Knight |
| 19:53 | Create | Battering Ram |
| 20:05 | Build | House |
| 20:08 | Build | House |
| 20:11 | Build | House |
| 20:17 | Create | Knight |
| 20:45 | Create | Villager (Male) |
| 20:49 | Create | Knight |
| 20:51 | Create | Villager (Male) |
| 21:21 | Create | Battering Ram |
| 21:23 | Create | Villager (Male) |
| 21:56 | Create | Villager (Male) |
| 21:58 | Create | Knight ×2 |
| 22:09 | Create | Battering Ram |
| 22:30 | Create | Knight |
| 22:30 | Create | Villager (Male) |
| 22:31 | Create | Villager (Male) |
| 22:56 | Create | Villager (Male) |
| 22:57 | Create | Monk |
| 23:22 | Research | Bloodlines |
| 23:23 | Create | Villager (Male) |
| 23:35 | Create | Knight |
| 23:36 | Create | Villager (Male) |
| 23:46 | Create | Villager (Male) |
| 23:50 | Build | House |
| 23:51 | Build | House |
| 23:53 | Build | House |
| 24:13 | Create | Knight ×2 |
| 24:37 | Create | Villager (Male) |
| 24:39 | Create | Knight |
| 24:47 | Create | Battering Ram |
| 25:02 | Research | Scale Barding Armor |
| 25:03 | Create | Scout Cavalry ×4 |
| 25:04 | Create | Knight |
| 25:04 | Create | Knight |
| 25:10 | Create | Knight |
| 25:16 | Create | Villager (Male) |
| 25:34 | Create | Villager (Male) |
| 25:35 | Create | Knight ×2 |
| 25:54 | Create | Knight |
| 25:55 | Create | Villager (Male) |
| 26:20 | Create | Battering Ram |
| 26:21 | Create | Battering Ram |
| 26:24 | Create | Villager (Male) |
| 26:30 | Build | Farm |
| 26:30 | Build | Farm |
| 26:31 | Build | Farm |
| 26:31 | Build | Farm |
| 26:31 | Build | Farm |
| 26:32 | Build | Farm |
| 26:32 | Build | Farm |
| 26:32 | Build | Farm |
| 26:34 | Create | Villager (Male) |
| 26:48 | Create | Knight |
| 26:49 | Create | Villager (Male) |
| 26:55 | Create | Monk |
| 27:07 | Create | Knight |
| 27:12 | Build | House |
| 27:13 | Build | House |
| 27:14 | Build | House |
| 27:27 | Create | Knight ×2 |
| 27:28 | Create | Villager (Male) |
| 27:33 | Build | Siege Workshop |
| 27:49 | Create | Knight ×2 |
| 27:50 | Create | Villager (Male) |
| 27:56 | Create | Villager (Male) |
| 28:02 | Create | Knight |
| 28:13 | Create | Battering Ram |
| 28:29 | Build | Mining Camp |
Build order — Steller
First 150 of 189 actions detected
| 0:02 | Create | Villager (Male) |
| 0:02 | Create | Villager (Male) |
| 0:03 | Build | House |
| 0:05 | Build | House |
| 0:25 | Create | Villager (Male) |
| 1:20 | Create | Villager (Male) |
| 1:50 | Create | Villager (Male) |
| 2:01 | Create | Villager (Male) |
| 2:16 | Create | Villager (Male) |
| 2:20 | Build | House |
| 2:23 | Build | Lumber Camp |
| 2:45 | Create | Villager (Male) |
| 3:30 | Create | Villager (Male) |
| 3:57 | Create | Villager (Male) |
| 4:02 | Build | House |
| 4:26 | Create | Villager (Male) |
| 4:27 | Create | Villager (Male) |
| 4:27 | Create | Villager (Male) |
| 5:18 | Create | Villager (Male) |
| 5:18 | Create | Villager (Male) |
| 5:19 | Create | Villager (Male) |
| 6:01 | Create | Villager (Male) |
| 6:05 | Build | Mill |
| 7:07 | Create | Villager (Male) |
| 7:07 | Create | Villager (Male) |
| 7:37 | Create | Villager (Male) |
| 7:58 | Create | Villager (Male) |
| 9:34 | Create | Villager (Male) |
| 10:14 | Create | Villager (Male) |
| 10:14 | Create | Villager (Male) |
| 10:16 | Research | Feudal Age |
| 10:40 | Build | Mining Camp |
| 11:09 | Build | Palisade Wall |
| 12:10 | Build | House |
| 12:24 | Create | Villager (Male) |
| 12:25 | Create | Villager (Male) |
| 12:28 | Age | Feudal Age |
| 12:55 | Create | Villager (Male) |
| 13:08 | Build | Market |
| 13:24 | Build | Stone Wall |
| 13:41 | Build | Blacksmith |
| 13:55 | Build | Lumber Camp |
| 14:01 | Build | Lumber Camp |
| 14:08 | Create | Villager (Male) |
| 14:18 | Build | Lumber Camp |
| 14:31 | Research | Castle Age |
| 14:43 | Research | Double-Bit Axe |
| 15:32 | Research | Gold Mining |
| 15:35 | Research | Horse Collar |
| 16:08 | Build | House |
| 16:12 | Build | House |
| 16:32 | Build | House |
| 17:13 | Age | Castle Age |
| 17:22 | Build | Town Center |
| 17:33 | Build | Town Center |
| 17:38 | Research | Wheelbarrow |
| 17:43 | Build | House |
| 18:10 | Build | Siege Workshop |
| 18:13 | Create | Villager (Male) |
| 18:17 | Create | Villager (Male) |
| 18:18 | Research | Heavy Plow |
| 18:22 | Research | Bow Saw |
| 18:34 | Build | Farm |
| 18:38 | Build | Farm |
| 18:44 | Build | Farm |
| 18:48 | Build | Farm |
| 18:51 | Create | Villager (Male) |
| 18:52 | Create | Villager (Male) |
| 19:04 | Create | Villager (Male) |
| 19:14 | Build | Outpost |
| 19:24 | Build | Farm |
| 19:28 | Build | Farm |
| 19:32 | Create | Villager (Male) |
| 19:32 | Create | Villager (Male) |
| 19:35 | Build | Monastery |
| 19:43 | Build | House |
| 19:51 | Build | Gate |
| 20:09 | Build | Farm |
| 20:12 | Build | Farm |
| 20:15 | Build | Farm |
| 20:16 | Create | Villager (Male) |
| 20:18 | Create | Villager (Male) |
| 20:19 | Create | Villager (Male) |
| 20:21 | Create | Villager (Male) |
| 20:24 | Build | Farm |
| 20:28 | Create | Mangonel |
| 20:42 | Build | Barracks |
| 20:45 | Build | Farm |
| 20:49 | Build | House |
| 20:52 | Build | House |
| 20:54 | Build | Farm |
| 21:07 | Research | Scale Barding Armor |
| 21:23 | Create | Mangonel |
| 21:31 | Build | Stable |
| 21:40 | Research | Loom |
| 21:53 | Build | Stone Wall |
| 22:00 | Build | Farm |
| 22:09 | Create | Unit 1944 |
| 22:09 | Create | Unit 1944 |
| 22:16 | Build | Stable |
| 22:19 | Research | Forging |
| 22:24 | Build | Farm |
| 22:25 | Build | Farm |
| 22:40 | Create | Unit 1944 |
| 22:47 | Create | Unit 1944 |
| 22:51 | Build | Farm |
| 22:59 | Create | Unit 1944 |
| 23:09 | Build | Farm |
| 23:14 | Build | House |
| 23:23 | Create | Unit 1944 |
| 23:23 | Create | Unit 1944 |
| 23:24 | Create | Unit 1944 |
| 23:28 | Build | Mill |
| 23:35 | Create | Unit 1944 |
| 23:47 | Create | Scout Cavalry |
| 23:48 | Create | Scout Cavalry |
| 24:09 | Build | Farm |
| 24:10 | Build | Farm |
| 24:10 | Build | Farm |
| 24:10 | Build | Farm |
| 24:11 | Build | Farm |
| 25:06 | Create | Unit 1944 |
| 25:06 | Create | Unit 1944 |
| 25:06 | Create | Unit 1944 |
| 25:14 | Build | House |
| 25:17 | Build | House |
| 25:25 | Build | Stable |
| 25:36 | Create | Unit 1944 |
| 25:36 | Create | Unit 1944 |
| 25:47 | Build | Stable |
| 25:53 | Create | Unit 1944 |
| 26:10 | Create | Unit 1944 |
| 26:14 | Build | Stable |
| 26:25 | Create | Villager (Male) |
| 26:29 | Build | House |
| 26:33 | Create | Unit 1944 |
| 26:34 | Create | Unit 1944 |
| 26:39 | Build | House |
| 26:39 | Build | House |
| 26:40 | Build | House |
| 27:06 | Create | Scout Cavalry |
| 27:06 | Create | Scout Cavalry |
| 27:06 | Create | Scout Cavalry |
| 27:40 | Create | Unit 1944 |
| 28:14 | Create | Unit 1944 |
| 28:14 | Create | Unit 1944 |
| 28:14 | Create | Unit 1944 |
| 28:15 | Create | Unit 1944 |
| 28:26 | Create | Villager (Male) |
| 28:39 | Build | Castle |
Build order — Bizzy
First 150 of 313 actions detected
| 0:01 | Create | Villager (Male) |
| 0:01 | Create | Villager (Male) |
| 0:02 | Build | House |
| 0:04 | Build | House |
| 0:14 | Create | Villager (Male) |
| 0:17 | Research | Loom |
| 0:17 | Create | Villager (Male) |
| 0:18 | Create | Villager (Male) |
| 0:18 | Create | Villager (Male) |
| 1:15 | Build | Palisade Wall |
| 1:24 | Build | Palisade Wall |
| 1:33 | Build | Palisade Wall |
| 2:06 | Create | Villager (Male) |
| 2:30 | Create | Villager (Male) |
| 2:58 | Create | Villager (Male) |
| 2:58 | Create | Villager (Male) |
| 3:28 | Create | Villager (Male) |
| 3:28 | Create | Villager (Male) |
| 3:53 | Create | Villager (Male) |
| 3:53 | Create | Villager (Male) |
| 3:59 | Build | House |
| 4:14 | Build | Lumber Camp |
| 4:25 | Create | Villager (Male) |
| 4:54 | Create | Villager (Male) |
| 4:55 | Create | Villager (Male) |
| 5:30 | Create | Villager (Male) |
| 5:31 | Create | Villager (Male) |
| 6:03 | Build | Lumber Camp |
| 6:11 | Create | Villager (Male) |
| 6:11 | Create | Villager (Male) |
| 6:25 | Create | Villager (Male) |
| 6:27 | Build | House |
| 6:42 | Create | Villager (Male) |
| 6:48 | Build | Mill |
| 7:06 | Create | Villager (Male) |
| 7:13 | Create | Villager (Male) |
| 7:40 | Build | Palisade Wall |
| 7:48 | Create | Villager (Male) |
| 7:52 | Build | House |
| 8:15 | Create | Villager (Male) |
| 8:28 | Build | Mill |
| 8:40 | Create | Villager (Male) |
| 8:57 | Create | Villager (Male) |
| 9:18 | Build | Palisade Wall |
| 9:18 | Build | Palisade Wall |
| 10:03 | Build | House |
| 10:18 | Create | Villager (Male) |
| 10:55 | Build | Mining Camp |
| 10:57 | Create | Villager (Male) |
| 11:21 | Create | Villager (Male) |
| 11:31 | Build | Farm |
| 11:32 | Build | Farm |
| 11:33 | Build | Farm |
| 11:43 | Create | Villager (Male) |
| 12:18 | Create | Villager (Male) |
| 12:20 | Research | Feudal Age |
| 12:43 | Build | Lumber Camp |
| 13:34 | Create | Villager (Male) |
| 14:30 | Age | Feudal Age |
| 14:32 | Build | Market |
| 14:33 | Build | Blacksmith |
| 14:38 | Research | Double-Bit Axe |
| 14:40 | Research | Gold Mining |
| 14:59 | Create | Villager (Male) |
| 15:21 | Research | Castle Age |
| 15:33 | Build | Lumber Camp |
| 15:55 | Build | House |
| 15:56 | Build | House |
| 16:23 | Build | Palisade Wall |
| 16:51 | Build | Mining Camp |
| 17:08 | Create | Villager (Male) |
| 17:55 | Create | Villager (Male) |
| 18:04 | Age | Castle Age |
| 18:07 | Build | Siege Workshop |
| 18:09 | Build | Siege Workshop |
| 18:12 | Build | Monastery |
| 18:26 | Research | Bow Saw |
| 18:31 | Create | Villager (Male) |
| 18:51 | Create | Mangonel |
| 18:52 | Create | Mangonel |
| 18:52 | Create | Mangonel |
| 19:03 | Create | Monk |
| 19:08 | Build | Monastery |
| 19:17 | Build | Barracks |
| 19:19 | Create | Villager (Male) |
| 19:22 | Build | House |
| 19:22 | Build | House |
| 19:24 | Create | Mangonel |
| 19:41 | Create | Villager (Male) |
| 19:44 | Create | Mangonel |
| 19:45 | Create | Monk |
| 19:51 | Build | House |
| 20:05 | Build | Mining Camp |
| 20:08 | Create | Monk |
| 20:13 | Create | Mangonel |
| 20:33 | Create | Villager (Male) |
| 20:41 | Create | Mangonel |
| 20:44 | Create | Spearman |
| 20:44 | Create | Spearman |
| 21:05 | Create | Monk |
| 21:06 | Create | Villager (Male) |
| 21:06 | Create | Villager (Male) |
| 21:49 | Create | Monk |
| 21:50 | Create | Villager (Male) |
| 22:01 | Create | Villager (Male) |
| 22:04 | Create | Spearman |
| 22:07 | Create | Mangonel |
| 22:19 | Build | Farm |
| 22:19 | Build | Farm |
| 22:20 | Build | Farm |
| 22:23 | Build | Farm |
| 22:23 | Build | Farm |
| 22:23 | Build | Farm |
| 22:24 | Build | Farm |
| 22:24 | Build | Farm |
| 22:24 | Build | Farm |
| 22:24 | Build | Farm |
| 22:25 | Build | Farm |
| 22:25 | Build | Farm |
| 22:39 | Create | Villager (Male) |
| 22:48 | Create | Mangonel |
| 22:49 | Create | Mangonel |
| 22:56 | Create | Monk |
| 23:11 | Create | Monk |
| 23:15 | Build | House |
| 23:15 | Build | House |
| 23:16 | Build | House |
| 23:16 | Build | House |
| 23:24 | Create | Villager (Male) |
| 23:35 | Create | Spearman |
| 23:35 | Create | Spearman |
| 23:54 | Build | Palisade Gate |
| 23:58 | Build | Palisade Gate |
| 23:58 | Create | Villager (Male) |
| 24:13 | Create | Villager (Male) |
| 24:31 | Create | Monk |
| 24:34 | Build | Monastery |
| 24:38 | Create | Villager (Male) |
| 24:40 | Build | Farm |
| 24:41 | Build | Farm |
| 24:42 | Build | House |
| 24:42 | Build | House |
| 24:55 | Create | Mangonel |
| 24:56 | Create | Mangonel |
| 25:17 | Create | Monk |
| 25:18 | Create | Monk |
| 25:20 | Build | Monastery |
| 25:25 | Create | Villager (Male) |
| 25:27 | Create | Villager (Male) |
| 25:30 | Create | Villager (Male) |
Build order — miki_bb
36 actions detected in the replay
| 0:03 | Create | Villager (Male) |
| 0:03 | Create | Villager (Male) |
| 0:11 | Build | House |
| 0:11 | Build | House |
| 0:29 | Create | Villager (Male) |
| 0:29 | Create | Villager (Male) |
| 1:37 | Create | Villager (Male) |
| 2:27 | Create | Villager (Male) |
| 2:27 | Create | Villager (Male) |
| 2:53 | Create | Villager (Male) |
| 2:53 | Create | Villager (Male) |
| 2:59 | Build | Lumber Camp |
| 3:05 | Research | Loom |
| 3:17 | Create | Villager (Male) |
| 3:38 | Create | Villager (Male) |
| 3:38 | Create | Villager (Male) |
| 4:08 | Create | Villager (Male) |
| 4:33 | Create | Villager (Male) |
| 4:55 | Create | Villager (Male) |
| 4:55 | Create | Villager (Male) |
| 5:39 | Build | House |
| 5:45 | Create | Villager (Male) |
| 5:45 | Create | Villager (Male) |
| 5:54 | Build | Palisade Gate |
| 6:10 | Create | Villager (Male) |
| 6:11 | Create | Villager (Male) |
| 6:19 | Build | Palisade Gate |
| 6:27 | Create | Villager (Male) |
| 7:00 | Create | Villager (Male) |
| 7:00 | Create | Villager (Male) |
| 7:01 | Create | Villager (Male) |
| 7:01 | Create | Villager (Male) |
| 7:03 | Build | House |
| 7:28 | Create | Villager (Male) ×2 |
| 7:37 | Build | House |
| 8:26 | Build | House |
Build order — AutoCAD
First 150 of 372 actions detected
| 0:02 | Create | Villager (Male) ×5 |
| 0:04 | Build | House |
| 0:06 | Build | House |
| 1:19 | Create | Villager (Male) |
| 1:19 | Create | Villager (Male) |
| 1:58 | Build | Lumber Camp |
| 2:06 | Create | Villager (Male) |
| 2:06 | Create | Villager (Male) |
| 2:18 | Create | Villager (Male) |
| 2:19 | Create | Villager (Male) |
| 2:51 | Create | Villager (Male) |
| 3:05 | Build | House |
| 3:07 | Create | Villager (Male) |
| 3:08 | Create | Villager (Male) |
| 3:42 | Create | Villager (Male) |
| 3:42 | Create | Villager (Male) |
| 3:42 | Create | Villager (Male) |
| 4:10 | Build | Mill |
| 4:11 | Create | Villager (Male) |
| 4:11 | Create | Villager (Male) |
| 4:28 | Create | Villager (Male) |
| 4:28 | Create | Villager (Male) |
| 5:02 | Create | Villager (Male) |
| 5:03 | Create | Villager (Male) |
| 5:03 | Create | Villager (Male) |
| 5:03 | Create | Villager (Male) |
| 5:29 | Create | Villager (Male) |
| 5:29 | Create | Villager (Male) |
| 6:04 | Build | House |
| 6:10 | Create | Villager (Male) |
| 6:30 | Build | Farm |
| 6:36 | Build | Farm |
| 6:39 | Build | Farm |
| 6:52 | Create | Villager (Male) |
| 7:03 | Create | Villager (Male) |
| 7:29 | Build | House |
| 7:33 | Build | House |
| 7:48 | Create | Villager (Male) |
| 8:05 | Create | Villager (Male) |
| 8:28 | Create | Villager (Male) |
| 8:31 | Build | Mining Camp |
| 8:33 | Research | Feudal Age |
| 9:08 | Create | Villager (Male) |
| 9:08 | Create | Villager (Male) |
| 10:15 | Build | Lumber Camp |
| 10:51 | Age | Feudal Age |
| 10:54 | Build | Market |
| 10:58 | Create | Villager (Male) |
| 11:37 | Build | Blacksmith |
| 12:14 | Research | Castle Age |
| 12:18 | Build | Barracks |
| 12:37 | Build | Palisade Wall |
| 13:01 | Build | Stable |
| 13:34 | Create | Villager (Male) |
| 14:34 | Build | Farm |
| 14:35 | Build | Farm |
| 14:36 | Research | Horse Collar |
| 14:39 | Research | Double-Bit Axe |
| 14:40 | Age | Castle Age |
| 14:46 | Create | Knight |
| 14:53 | Build | Town Center |
| 14:58 | Create | Knight |
| 15:05 | Build | Farm |
| 15:07 | Build | Farm |
| 15:09 | Create | Villager (Male) |
| 15:10 | Create | Villager (Male) |
| 15:22 | Create | Villager (Male) |
| 15:40 | Build | Farm |
| 15:53 | Create | Knight |
| 15:56 | Create | Villager (Male) |
| 16:01 | Build | House |
| 16:01 | Build | House |
| 16:19 | Create | Villager (Male) |
| 16:21 | Build | Farm |
| 16:44 | Create | Knight |
| 16:45 | Create | Villager (Male) |
| 16:45 | Create | Villager (Male) |
| 16:50 | Research | Loom |
| 17:19 | Create | Villager (Male) |
| 17:23 | Research | Town Watch |
| 17:23 | Research | Town Watch |
| 17:27 | Build | Farm |
| 17:27 | Build | Farm |
| 17:29 | Create | Villager (Male) |
| 17:29 | Create | Villager (Male) |
| 17:54 | Create | Villager (Male) |
| 17:58 | Build | Farm |
| 17:58 | Build | Farm |
| 17:58 | Build | Farm |
| 17:58 | Build | Farm |
| 17:59 | Build | Farm |
| 17:59 | Build | Farm |
| 17:59 | Build | Farm |
| 18:04 | Create | Villager (Male) |
| 18:05 | Create | Villager (Male) |
| 18:17 | Create | Villager (Male) |
| 18:17 | Create | Villager (Male) |
| 18:22 | Build | Farm |
| 18:42 | Create | Villager (Male) |
| 18:46 | Build | Farm |
| 18:48 | Create | Villager (Male) |
| 18:48 | Create | Villager (Male) |
| 18:53 | Research | Horse Collar |
| 18:53 | Research | Horse Collar |
| 18:55 | Create | Villager (Male) |
| 18:55 | Create | Villager (Male) |
| 19:37 | Create | Villager (Male) |
| 19:42 | Build | Siege Workshop |
| 19:42 | Create | Villager (Male) |
| 19:43 | Create | Villager (Male) |
| 19:44 | Create | Knight |
| 19:45 | Create | Villager (Male) |
| 19:47 | Create | Villager (Male) |
| 19:51 | Create | Villager (Male) |
| 19:58 | Create | Villager (Male) |
| 19:59 | Create | Villager (Male) |
| 20:09 | Build | Farm |
| 20:09 | Create | Villager (Male) |
| 20:12 | Create | Villager (Male) |
| 20:25 | Create | Knight |
| 20:29 | Build | Farm |
| 20:29 | Build | Farm |
| 20:29 | Build | Farm |
| 20:33 | Build | House |
| 20:33 | Build | House |
| 20:33 | Build | House |
| 20:34 | Build | House |
| 20:34 | Build | House |
| 20:57 | Build | Gate |
| 20:59 | Build | Stone Wall |
| 21:01 | Create | Knight |
| 21:06 | Build | House |
| 21:08 | Research | Bow Saw |
| 21:09 | Create | Villager (Male) |
| 21:14 | Build | Farm |
| 21:17 | Create | Villager (Male) |
| 21:20 | Create | Knight |
| 21:25 | Build | Farm |
| 21:25 | Build | Farm |
| 21:25 | Build | Farm |
| 21:26 | Build | Farm |
| 21:32 | Build | Farm |
| 21:52 | Create | Knight |
| 22:05 | Build | Stable |
| 22:13 | Research | Scale Barding Armor |
| 22:14 | Create | Villager (Male) |
| 22:19 | Build | Farm |
| 22:19 | Create | Villager (Male) |
| 22:20 | Create | Villager (Male) |
| 22:22 | Research | Gold Mining |
Build order — Pyves
127 actions detected in the replay
| 0:00 | Create | Villager (Male) |
| 0:01 | Create | Villager (Male) |
| 0:01 | Create | Villager (Male) |
| 0:01 | Create | Villager (Male) |
| 0:03 | Build | House |
| 0:05 | Build | House |
| 0:24 | Research | Loom |
| 0:25 | Create | Villager (Male) |
| 0:25 | Create | Villager (Male) |
| 1:02 | Build | Palisade Wall |
| 1:04 | Create | Villager (Male) |
| 1:17 | Build | Palisade Wall |
| 2:34 | Build | Palisade Wall |
| 2:41 | Build | Palisade Wall |
| 2:45 | Create | Villager (Male) |
| 2:45 | Create | Villager (Male) |
| 2:52 | Build | Palisade Wall |
| 3:36 | Create | Villager (Male) |
| 3:37 | Create | Villager (Male) |
| 4:00 | Create | Villager (Male) |
| 4:00 | Create | Villager (Male) |
| 4:37 | Create | Villager (Male) |
| 4:38 | Create | Villager (Male) |
| 4:56 | Create | Villager (Male) |
| 4:56 | Create | Villager (Male) |
| 5:41 | Build | House |
| 5:45 | Create | Villager (Male) |
| 5:46 | Create | Villager (Male) |
| 6:06 | Create | Villager (Male) |
| 6:06 | Create | Villager (Male) |
| 6:07 | Create | Villager (Male) |
| 6:19 | Build | Lumber Camp |
| 6:52 | Create | Villager (Male) |
| 6:52 | Create | Villager (Male) |
| 7:15 | Create | Villager (Male) |
| 7:16 | Create | Villager (Male) |
| 7:19 | Build | House |
| 7:52 | Create | Villager (Male) |
| 7:52 | Create | Villager (Male) |
| 7:53 | Create | Villager (Male) |
| 7:59 | Create | Villager (Male) |
| 8:25 | Build | Mill |
| 9:56 | Research | Feudal Age |
| 10:02 | Build | Mining Camp |
| 10:51 | Build | House |
| 11:31 | Build | Barracks |
| 11:53 | Build | Palisade Wall |
| 12:06 | Age | Feudal Age |
| 12:22 | Build | Palisade Wall |
| 12:27 | Build | Palisade Wall |
| 12:50 | Create | Villager (Male) |
| 13:29 | Build | Watch Tower |
| 14:08 | Create | Villager (Male) |
| 14:08 | Create | Villager (Male) |
| 14:37 | Build | Palisade Wall |
| 14:58 | Build | Mining Camp |
| 15:05 | Build | Stone Wall |
| 15:18 | Build | Stone Wall |
| 15:24 | Build | Palisade Wall |
| 15:40 | Create | Villager (Male) |
| 15:52 | Build | House |
| 15:55 | Build | House |
| 16:06 | Build | House |
| 16:17 | Build | Palisade Wall |
| 16:23 | Build | Palisade Wall |
| 16:32 | Build | Palisade Wall |
| 17:26 | Build | Farm |
| 17:28 | Build | Farm |
| 17:32 | Research | Double-Bit Axe |
| 17:33 | Create | Villager (Male) |
| 17:52 | Build | Farm |
| 18:06 | Create | Villager (Male) |
| 18:12 | Build | Farm |
| 18:14 | Create | Villager (Male) |
| 18:37 | Build | Gate |
| 18:45 | Create | Villager (Male) |
| 18:50 | Build | Farm |
| 19:05 | Research | Horse Collar |
| 19:07 | Build | Farm |
| 19:12 | Build | Mining Camp |
| 19:16 | Build | Farm |
| 19:17 | Build | Farm |
| 19:26 | Build | Stone Wall |
| 19:35 | Build | Stone Wall |
| 19:47 | Build | Stone Wall |
| 19:49 | Create | Villager (Male) |
| 20:02 | Build | Stone Wall |
| 20:16 | Create | Villager (Male) |
| 20:39 | Build | Market |
| 20:40 | Create | Villager (Male) |
| 20:48 | Create | Villager (Male) |
| 21:21 | Build | House |
| 22:34 | Build | Watch Tower |
| 22:57 | Create | Villager (Male) |
| 23:31 | Build | Stone Wall |
| 23:42 | Create | Villager (Male) |
| 23:42 | Create | Villager (Male) |
| 24:01 | Build | Barracks |
| 24:09 | Create | Villager (Male) |
| 24:10 | Create | Villager (Male) |
| 24:58 | Build | Watch Tower |
| 25:19 | Create | Villager (Male) |
| 25:33 | Create | Villager (Male) |
| 25:43 | Create | Villager (Male) |
| 25:54 | Create | Villager (Male) |
| 26:28 | Build | Watch Tower |
| 26:39 | Create | Villager (Male) |
| 26:39 | Create | Villager (Male) |
| 26:59 | Create | Villager (Male) |
| 28:06 | Create | Villager (Male) |
| 28:06 | Create | Villager (Male) |
| 29:17 | Build | Lumber Camp |
| 30:19 | Build | Palisade Wall |
| 34:32 | Build | Town Center |
| 36:47 | Create | Villager (Male) |
| 36:47 | Create | Villager (Male) |
| 36:48 | Create | Villager (Male) |
| 36:48 | Create | Villager (Male) |
| 38:12 | Create | Villager (Male) |
| 38:12 | Create | Villager (Male) |
| 38:12 | Create | Villager (Male) |
| 39:13 | Create | Villager (Male) |
| 39:14 | Create | Villager (Male) |
| 39:14 | Create | Villager (Male) |
| 39:14 | Create | Villager (Male) |
| 39:19 | Build | Farm |
| 39:42 | Build | Farm |
Build order — [OLAM]_Meliod27
First 150 of 315 actions detected
| 0:01 | Create | Villager (Male) |
| 0:01 | Create | Villager (Male) |
| 0:01 | Create | Villager (Male) |
| 0:02 | Build | House |
| 0:06 | Build | House |
| 0:33 | Create | Villager (Male) |
| 1:16 | Create | Villager (Male) |
| 1:41 | Build | Lumber Camp |
| 2:02 | Create | Villager (Male) |
| 2:03 | Create | Villager (Male) |
| 2:30 | Create | Villager (Male) |
| 2:30 | Create | Villager (Male) |
| 2:48 | Create | Villager (Male) |
| 2:48 | Create | Villager (Male) |
| 3:05 | Create | Villager (Male) |
| 3:30 | Create | Villager (Male) |
| 3:52 | Create | Villager (Male) |
| 3:57 | Build | House |
| 3:59 | Build | House |
| 4:09 | Create | Villager (Male) |
| 4:10 | Create | Villager (Male) |
| 4:38 | Build | Mining Camp |
| 4:51 | Create | Villager (Male) |
| 4:52 | Create | Villager (Male) |
| 5:13 | Create | Villager (Male) |
| 5:28 | Create | Villager (Male) |
| 6:04 | Build | Palisade Wall |
| 6:11 | Create | Villager (Male) |
| 6:11 | Create | Villager (Male) |
| 6:11 | Create | Villager (Male) |
| 6:12 | Create | Villager (Male) |
| 6:16 | Research | Loom |
| 6:47 | Build | Palisade Wall |
| 6:48 | Build | Palisade Wall |
| 6:52 | Build | Palisade Wall |
| 6:56 | Build | Palisade Wall |
| 6:59 | Build | Palisade Wall |
| 7:02 | Research | Feudal Age |
| 7:03 | Research | Feudal Age |
| 7:50 | Create | Villager (Male) |
| 8:09 | Build | Barracks |
| 8:14 | Create | Villager (Male) |
| 9:12 | Age | Feudal Age |
| 9:16 | Build | Archery Range |
| 9:25 | Create | Villager (Male) |
| 9:26 | Create | Villager (Male) |
| 9:26 | Create | Villager (Male) |
| 9:34 | Build | Archery Range |
| 10:03 | Build | House |
| 10:05 | Create | Archer |
| 10:12 | Build | House |
| 10:28 | Create | Archer |
| 10:29 | Create | Archer |
| 10:43 | Create | Villager (Male) |
| 10:53 | Build | Blacksmith |
| 11:15 | Create | Villager (Male) |
| 11:19 | Create | Archer |
| 11:19 | Create | Archer |
| 11:31 | Create | Archer |
| 11:31 | Create | Archer |
| 11:31 | Create | Archer |
| 11:32 | Create | Villager (Male) |
| 11:37 | Build | House |
| 11:53 | Research | Fletching |
| 11:53 | Research | Fletching |
| 12:28 | Create | Archer |
| 12:29 | Create | Villager (Male) |
| 12:33 | Build | Mill |
| 12:37 | Build | House |
| 12:37 | Build | House |
| 12:49 | Create | Archer |
| 12:53 | Create | Villager (Male) |
| 13:15 | Create | Villager (Male) |
| 13:16 | Create | Archer |
| 13:16 | Create | Archer |
| 13:22 | Build | House |
| 13:30 | Build | Farm |
| 13:30 | Build | Farm |
| 13:31 | Build | Farm |
| 13:31 | Build | Farm |
| 13:53 | Create | Villager (Male) |
| 13:53 | Create | Archer |
| 13:54 | Create | Archer |
| 13:56 | Build | Farm |
| 13:56 | Build | Farm |
| 13:56 | Build | Farm |
| 13:57 | Build | Farm |
| 13:57 | Build | Farm |
| 14:05 | Create | Archer |
| 14:08 | Create | Villager (Male) |
| 14:09 | Create | Villager (Male) |
| 14:11 | Build | Farm |
| 14:23 | Build | House |
| 14:32 | Create | Villager (Male) |
| 14:35 | Build | Farm |
| 14:57 | Create | Villager (Male) |
| 14:57 | Create | Archer |
| 14:58 | Create | Archer |
| 15:06 | Create | Villager (Male) |
| 15:15 | Build | Farm |
| 15:32 | Create | Archer |
| 15:32 | Create | Archer |
| 16:08 | Create | Villager (Male) |
| 16:09 | Create | Archer |
| 16:10 | Create | Villager (Male) |
| 16:11 | Build | Farm |
| 16:15 | Build | Farm |
| 16:36 | Create | Villager (Male) |
| 16:37 | Create | Archer |
| 16:37 | Create | Archer |
| 16:48 | Create | Archer |
| 16:49 | Create | Archer |
| 16:55 | Build | Market |
| 17:19 | Create | Villager (Male) |
| 17:34 | Create | Archer |
| 17:35 | Create | Archer |
| 18:13 | Research | Castle Age |
| 18:14 | Research | Castle Age |
| 18:23 | Create | Archer |
| 18:23 | Create | Archer |
| 18:23 | Create | Archer |
| 18:30 | Build | House |
| 18:34 | Build | House |
| 18:40 | Build | Palisade Wall |
| 18:41 | Build | Palisade Wall |
| 18:46 | Create | Archer |
| 18:46 | Create | Archer |
| 18:51 | Create | Villager (Male) |
| 18:55 | Research | Double-Bit Axe |
| 18:55 | Research | Double-Bit Axe |
| 19:17 | Create | Archer |
| 19:41 | Create | Archer |
| 19:42 | Create | Archer |
| 19:56 | Build | House |
| 19:57 | Build | House |
| 19:59 | Create | Archer |
| 20:18 | Build | Lumber Camp |
| 20:28 | Create | Archer |
| 20:53 | Age | Castle Age |
| 20:54 | Research | Crossbowman (upgrade) |
| 20:54 | Research | Crossbowman (upgrade) |
| 20:55 | Research | Bodkin Arrow |
| 20:55 | Research | Bodkin Arrow |
| 20:56 | Research | Bodkin Arrow |
| 20:58 | Create | Archer |
| 20:58 | Create | Archer |
| 21:15 | Create | Villager (Male) |
| 21:21 | Build | Archery Range |
| 21:23 | Create | Archer |
| 21:23 | Create | Archer |
Build order — Pollazo
First 150 of 335 actions detected
| 0:01 | Create | Villager (Male) |
| 0:01 | Create | Villager (Male) |
| 0:03 | Build | House |
| 0:05 | Build | House |
| 0:26 | Create | Villager (Male) |
| 0:26 | Create | Villager (Male) |
| 1:30 | Create | Villager (Male) |
| 1:51 | Build | Lumber Camp |
| 2:03 | Create | Villager (Male) |
| 2:23 | Create | Villager (Male) |
| 2:23 | Create | Villager (Male) |
| 2:55 | Create | Villager (Male) |
| 2:55 | Create | Villager (Male) |
| 3:40 | Create | Villager (Male) |
| 3:40 | Create | Villager (Male) |
| 3:50 | Build | House |
| 4:04 | Create | Villager (Male) |
| 4:04 | Create | Villager (Male) |
| 4:20 | Build | House |
| 4:34 | Create | Villager (Male) |
| 4:35 | Create | Villager (Male) |
| 4:35 | Create | Villager (Male) |
| 4:55 | Build | House |
| 5:11 | Create | Villager (Male) |
| 5:12 | Create | Villager (Male) |
| 5:35 | Create | Villager (Male) |
| 5:36 | Create | Villager (Male) |
| 5:55 | Build | Mill |
| 7:08 | Create | Villager (Male) |
| 7:08 | Create | Villager (Male) |
| 7:39 | Research | Feudal Age |
| 8:41 | Build | Farm |
| 8:44 | Build | Farm |
| 9:12 | Build | Farm |
| 9:17 | Build | Farm |
| 9:39 | Build | Mining Camp |
| 9:54 | Create | Villager (Male) |
| 9:54 | Create | Villager (Male) |
| 10:08 | Age | Feudal Age |
| 10:59 | Create | Villager (Male) |
| 11:34 | Research | Loom |
| 11:37 | Create | Villager (Male) |
| 11:38 | Create | Villager (Male) |
| 12:04 | Research | Castle Age |
| 12:44 | Build | Lumber Camp |
| 12:48 | Build | House |
| 12:48 | Build | House |
| 13:32 | Research | Double-Bit Axe |
| 13:37 | Research | Horse Collar |
| 13:48 | Research | Gold Mining |
| 14:39 | Research | Wheelbarrow |
| 14:44 | Age | Castle Age |
| 14:48 | Build | Town Center |
| 14:58 | Build | Town Center |
| 15:21 | Build | Farm |
| 15:25 | Build | Farm |
| 15:39 | Research | Bow Saw |
| 16:06 | Build | Farm |
| 16:09 | Create | Villager (Male) |
| 16:30 | Create | Villager (Male) |
| 16:35 | Build | Farm |
| 16:39 | Build | Farm |
| 16:41 | Build | Farm |
| 16:44 | Build | Farm |
| 16:46 | Create | Villager (Male) |
| 16:58 | Build | Farm |
| 17:03 | Create | Villager (Male) |
| 17:10 | Research | Loom |
| 17:13 | Create | Villager (Male) |
| 17:13 | Create | Villager (Male) |
| 17:16 | Build | Farm |
| 17:25 | Create | Villager (Male) |
| 17:31 | Build | Farm |
| 17:35 | Create | Villager (Male) |
| 17:45 | Create | Villager (Male) |
| 17:49 | Build | Farm |
| 17:54 | Build | Farm |
| 17:59 | Build | Farm |
| 18:12 | Build | Farm |
| 18:13 | Create | Villager (Male) |
| 18:13 | Create | Villager (Male) |
| 18:13 | Create | Villager (Male) |
| 18:15 | Create | Villager (Male) |
| 18:17 | Build | Farm |
| 18:24 | Create | Villager (Male) |
| 18:31 | Create | Villager (Male) |
| 18:52 | Build | Farm |
| 19:16 | Create | Villager (Male) |
| 19:16 | Create | Villager (Male) |
| 19:17 | Create | Villager (Male) |
| 19:17 | Create | Villager (Male) |
| 19:17 | Create | Villager (Male) |
| 19:17 | Create | Villager (Male) |
| 19:28 | Build | Town Center |
| 19:39 | Create | Villager (Male) |
| 19:41 | Create | Villager (Male) |
| 19:41 | Create | Villager (Male) |
| 19:42 | Create | Villager (Male) |
| 19:43 | Create | Villager (Male) |
| 20:23 | Create | Villager (Male) |
| 20:24 | Create | Villager (Male) |
| 20:24 | Create | Villager (Male) |
| 20:24 | Create | Villager (Male) |
| 20:25 | Create | Villager (Male) |
| 20:25 | Create | Villager (Male) |
| 20:25 | Create | Villager (Male) |
| 20:38 | Build | House |
| 20:48 | Build | House |
| 20:48 | Build | House |
| 20:52 | Build | House |
| 20:53 | Build | House |
| 21:01 | Research | Town Watch |
| 21:05 | Create | Villager (Male) |
| 21:07 | Research | Gold Shaft Mining |
| 21:07 | Research | Gold Shaft Mining |
| 21:13 | Build | Farm |
| 21:19 | Create | Villager (Male) |
| 21:20 | Create | Villager (Male) |
| 21:22 | Create | Villager (Male) |
| 21:22 | Create | Villager (Male) |
| 21:32 | Create | Villager (Male) |
| 21:32 | Create | Villager (Male) |
| 21:49 | Build | Farm |
| 21:53 | Create | Villager (Male) |
| 21:56 | Create | Villager (Male) |
| 22:00 | Build | Farm |
| 22:02 | Build | Farm |
| 22:05 | Create | Villager (Male) |
| 22:05 | Create | Villager (Male) |
| 22:05 | Create | Villager (Male) |
| 22:06 | Create | Villager (Male) |
| 22:08 | Build | Farm |
| 22:12 | Create | Villager (Male) |
| 22:15 | Build | Farm |
| 22:30 | Build | Farm |
| 22:31 | Build | Farm |
| 22:49 | Create | Villager (Male) |
| 22:49 | Create | Villager (Male) |
| 22:49 | Create | Villager (Male) |
| 22:50 | Create | Villager (Male) |
| 22:50 | Create | Villager (Male) |
| 22:50 | Create | Villager (Male) |
| 22:51 | Create | Villager (Male) |
| 23:05 | Build | Blacksmith |
| 23:25 | Build | Barracks |
| 23:43 | Build | Siege Workshop |
| 23:47 | Research | Fletching |
| 23:47 | Research | Fletching |
| 24:06 | Research | Hand Cart |
| 24:09 | Create | Mangonel |
Match timeline
| 1:02 | Pyves · wall_segment Palisade Wall x7 |
| 1:15 | Bizzy · wall_segment Palisade Wall x7 |
| 1:17 | Pyves · wall_segment Palisade Wall x10 |
| 1:24 | Bizzy · wall_segment Palisade Wall x1 |
| 1:33 | Bizzy · wall_segment Palisade Wall x1 |
| 2:34 | Pyves · wall_segment Palisade Wall x7 |
| 2:41 | Pyves · wall_segment Palisade Wall x9 |
| 2:52 | Pyves · wall_segment Palisade Wall x6 |
| 6:04 | [OLAM]_Meliod27 · wall_segment Palisade Wall x7 |
| 6:47 | [OLAM]_Meliod27 · wall_segment Palisade Wall x1 |
| 6:48 | [OLAM]_Meliod27 · wall_segment Palisade Wall x1 |
| 6:52 | [OLAM]_Meliod27 · wall_segment Palisade Wall x1 |
| 6:56 | [OLAM]_Meliod27 · wall_segment Palisade Wall x1 |
| 6:59 | [OLAM]_Meliod27 · wall_segment Palisade Wall x1 |
| 7:40 | Bizzy · wall_segment Palisade Wall x1 |
| 8:09 | [OLAM]_Meliod27 · first_building Barracks |
| 8:47 | miki_bb · resign |
| 9:12 | [OLAM]_Meliod27 · age_up feudal |
| 9:16 | [OLAM]_Meliod27 · first_building Archery Range |
| 9:18 | Bizzy · wall_segment Palisade Wall x1 |
| 9:18 | Bizzy · wall_segment Palisade Wall x1 |
| 10:08 | Pollazo · age_up feudal |
| 10:51 | AutoCAD · age_up feudal |
| 11:09 | Steller · wall_segment Palisade Wall x19 |
| 11:31 | Pyves · first_building Barracks |
| 11:51 | K-1000 · age_up feudal |
| 11:53 | Pyves · wall_segment Palisade Wall x6 |
| 12:06 | Pyves · age_up feudal |
| 12:18 | AutoCAD · first_building Barracks |
| 12:22 | Pyves · wall_segment Palisade Wall x2 |
| 12:27 | Pyves · wall_segment Palisade Wall x4 |
| 12:28 | Steller · age_up feudal |
| 12:37 | AutoCAD · wall_segment Palisade Wall x11 |
| 13:01 | AutoCAD · first_building Stable |
| 13:24 | Steller · wall_segment Stone Wall x19 |
| 14:30 | Bizzy · age_up feudal |
| 14:31 | K-1000 · first_building Barracks |
| 14:37 | Pyves · wall_segment Palisade Wall x2 |
| 14:40 | AutoCAD · age_up castle |
| 14:44 | Pollazo · age_up castle |
| 15:05 | Pyves · wall_segment Stone Wall x4 |
| 15:18 | Pyves · wall_segment Stone Wall x5 |
| 15:24 | Pyves · wall_segment Palisade Wall x1 |
| 15:32 | K-1000 · first_building Stable |
| 16:08 | K-1000 · first_market_sell 100 food |
| 16:08 | K-1000 · first_market_buy 100 wood |
| 16:17 | Pyves · wall_segment Palisade Wall x1 |
| 16:23 | Bizzy · wall_segment Palisade Wall x1 |
| 16:23 | Pyves · wall_segment Palisade Wall x1 |
| 16:32 | Pyves · wall_segment Palisade Wall x4 |
| 17:13 | Steller · age_up castle |
| 17:26 | K-1000 · age_up castle |
| 17:30 | Steller · first_market_buy 100 stone |
| 17:57 | K-1000 · first_building Siege Workshop |
| 18:02 | [OLAM]_Meliod27 · first_market_buy 500 food |
| 18:04 | Bizzy · age_up castle |
| 18:04 | [OLAM]_Meliod27 · first_market_sell 500 stone |
| 18:07 | Bizzy · first_building Siege Workshop |
| 18:10 | Steller · first_building Siege Workshop |
| 18:12 | Bizzy · first_building Monastery |
| 18:40 | [OLAM]_Meliod27 · wall_segment Palisade Wall x1 |
| 18:41 | [OLAM]_Meliod27 · wall_segment Palisade Wall x1 |
| 18:47 | K-1000 · first_building Monastery |
| 19:17 | Bizzy · first_building Barracks |
| 19:26 | Pyves · wall_segment Stone Wall x1 |
| 19:35 | Steller · first_building Monastery |
| 19:35 | Pyves · wall_segment Stone Wall x7 |
| 19:42 | AutoCAD · first_building Siege Workshop |
| 19:47 | Pyves · wall_segment Stone Wall x8 |
| 19:58 | Bizzy · first_market_sell 100 wood |
| 20:02 | Pyves · wall_segment Stone Wall x5 |
| 20:42 | Steller · first_building Barracks |
| 20:53 | [OLAM]_Meliod27 · age_up castle |
| 20:59 | AutoCAD · wall_segment Stone Wall x1 |
| 21:31 | Steller · first_building Stable |
| 21:53 | Steller · wall_segment Stone Wall x8 |
| 22:20 | Pyves · first_market_sell 100 wood |
| 22:21 | Pyves · first_market_buy 100 stone |
| 22:44 | Steller · first_market_sell 100 wood |
| 23:25 | Pollazo · first_building Barracks |
| 23:31 | Pyves · wall_segment Stone Wall x1 |
| 23:43 | Pollazo · first_building Siege Workshop |
| 26:00 | Pollazo · first_building Castle |
| 27:34 | [OLAM]_Meliod27 · wall_segment Palisade Wall x7 |
| 27:35 | [OLAM]_Meliod27 · wall_segment Palisade Wall x9 |
| 28:39 | Steller · first_building Castle |
| 30:19 | Pyves · wall_segment Palisade Wall x1 |
| 30:38 | AutoCAD · wall_segment Stone Wall x14 |
| 30:45 | [OLAM]_Meliod27 · wall_segment Palisade Wall x1 |
| 31:07 | Pollazo · first_building Stable |
| 31:11 | [OLAM]_Meliod27 · first_building Monastery |
| 31:13 | AutoCAD · wall_segment Palisade Wall x7 |
| 31:23 | [OLAM]_Meliod27 · first_building Siege Workshop |
| 31:35 | AutoCAD · wall_segment Palisade Wall x4 |
| 31:48 | AutoCAD · wall_segment Stone Wall x11 |
| 31:52 | AutoCAD · wall_segment Palisade Wall x5 |
| 32:52 | Pollazo · age_up imperial |
| 33:51 | AutoCAD · wall_segment Palisade Wall x3 |
| 35:43 | [OLAM]_Meliod27 · age_up imperial |
| 36:10 | AutoCAD · first_market_buy 100 wood |
| 37:14 | AutoCAD · wall_segment Palisade Wall x8 |
| 38:27 | Bizzy · first_building Castle |
| 38:50 | Bizzy · wall_segment Stone Wall x1 |
| 39:35 | Pollazo · first_building Monastery |
| 39:37 | Bizzy · wall_segment Stone Wall x1 |
| 39:42 | Bizzy · wall_segment Stone Wall x1 |
[ AI ANALYSIS · 1 CREDIT ]
What really happened in this match?
Wolo.gg analyzes every decision: build order, eco, micro, common mistakes by bracket. Personalized analysis on WhatsApp or Discord in 30 seconds.
Civ guide
Teutons
Perfil
Jugador #14325749